Map: King's Cove LE

Players

llllllllllll - Winner!

  • Race: Protoss Protoss
  • League: Platinum
  • Spawn Location: 5:00

Woah

  • Race: Terran Terran
  • Spawn Location: 11:00

VOD

Have the link to the VOD?

Description

Time

  • Played on: June 12, 2019, 4:58 a.m.
  • Length: 12:57
Show
View Real Time Build Order
Export as new Build Order

llllllllllll Protoss - Winner!

Build Orders:  

Get SALT Encoding   

  12  0:01  Probe  
  13  0:13  Probe  
  14  0:20  Pylon  
  14  0:25  Probe  
  15  0:38  Probe  
  15  0:42  Gateway  
  16  0:46  Assimilator  
  16  0:50  Probe  
  17  1:02  Probe  
  18  1:14  Probe  
  19  1:19  Assimilator  
  19  1:27  Probe  
  19  1:31  Cybernetics Core  
  20  1:39  Probe, Pylon  
  21  1:59  Nexus  
  21  2:04  Probe  
  22  2:16  Probe  
  22  2:17  Assimilator  
  22  2:20  Pylon  
  23  2:26  Warp Gate  
  23  2:35  Probe  
  23  2:37  Robotics Facility  
  24  2:47  Probe  
  25  2:52  Stalker  
  27  2:59  Probe  
  27  3:05  Gateway  
  28  3:11  Probe  
  29  3:15  Probe  
  30  3:23  Probe  
  32  3:27  Probe  
  32  3:29  Robotics Bay  
  32  3:31  Sentry  
  34  3:36  Observer, Probe  
  34  3:39  Probe  
  37  3:47  Pylon  
  37  3:48  Probe  
  37  3:49  Assimilator  
  37  3:51  Probe  
  39  4:07  Probe x2  
  41  4:12  Pylon  
  41  4:15  Disruptor  
  44  4:19  Probe x2  
  44  4:22  Stalker x2  
  50  4:31  Probe x2  
  51  4:36  Forge  
  52  4:42  Disruptor  
  52  4:43  Probe  
  53  4:48  Probe  
  57  4:52  Stalker  
  57  4:53  Stalker  
  57  4:55  Probe  
  62  5:00  Probe  
  62  5:07  Probe  
  64  5:14  Probe  
  64  5:19  Probe, Pylon  
  65  5:23  Nexus, Warp Prism  
  67  5:56  Probe  
  67  5:57  Protoss Ground Weapons Level 1, Probe  
  69  6:00  Assimilator  
  69  6:13  Gateway x2  
  69  6:16  Gateway  
  57  6:38  Immortal  
  57  6:46  Stalker x2  
  57  6:59  Photon Cannon  
  57  7:00  Photon Cannon  
  57  7:01  Photon Cannon  
  57  7:02  Photon Cannon  
  57  7:16  Stalker x5  
  57  7:17  Twilight Council  
  57  7:21  Pylon  
  67  7:31  Colossus  
  67  7:37  Probe  
  67  7:38  Probe  
  67  7:41  Stalker x3, Pylon  
  67  7:42  Stalker x2  
  85  7:57  Gateway x3  
  85  7:58  Gateway  
  85  8:00  Gateway  
  85  8:12  Stalker x3  
  91  8:13  Robotics Facility  
  91  8:16  Sentry, Robotics Facility  
  91  8:17  Sentry  
  95  8:39  Stalker  
  95  8:40  Stalker x4  
  101  8:47  Charge, Probe x2  
  103  8:53  Forge  
  103  8:54  Gateway  
  103  8:56  Gateway  
  103  9:01  Stalker x3  
  109  9:08  Pylon  
  109  9:18  Warp Prism  
  83  9:37  Stalker x4  
  83  9:38  Stalker x4  
  97  9:51  Probe x3  
  96  10:03  Probe  
  81  10:19  Blink  
  77  10:27  Immortal x3  
  89  10:29  Protoss Ground Weapons Level 2  
  89  10:30  Zealot x6  
  97  10:44  Zealot  
  97  10:45  Zealot x3  
  89  10:54  Probe x3  
  92  11:01  Immortal x2  
  92  11:05  Zealot x2  
  92  11:06  Probe  
  101  11:11  Disruptor  
  86  11:28  Stalker  
  88  11:37  Stalker  
  88  11:38  Stalker x5  
  100  11:49  Disruptor  
  103  11:54  Assimilator  
  103  11:58  Assimilator  
  103  12:01  Pylon  
  99  12:04  Pylon  
  99  12:08  Stalker x3  
  101  12:09  Stalker  
  101  12:11  Zealot x5  
  113  12:36  Stalker x5  
  121  12:52  Zealot x5  
Show
View Real Time Build Order
Export as new Build Order

Woah Terran 

Build Orders:  

Get SALT Encoding   

  12  0:00  SCV  
  13  0:13  SCV  
  14  0:18  Supply Depot  
  14  0:26  SCV  
  15  0:40  SCV, Barracks  
  16  0:47  Refinery  
  16  0:52  SCV  
  17  1:04  SCV  
  18  1:16  SCV  
  18  1:32  Orbital Command  
  19  1:35  Supply Depot  
  19  1:51  Marine  
  20  2:01  SCV  
  20  2:02  Factory  
  20  2:10  Barracks Reactor  
  20  2:23  Command Center  
  20  2:28  SCV  
  21  2:40  SCV  
  21  2:43  Barracks  
  22  2:52  Refinery  
  22  2:56  Widow Mine  
  24  2:59  SCV  
  25  3:06  Starport  
  25  3:07  Marine  
  25  3:11  Marine  
  27  3:14  SCV  
  28  3:22  Factory Tech Lab  
  28  3:31  SCV  
  28  3:32  Barracks Tech Lab  
  29  3:36  Marine  
  29  3:37  Marine  
  31  3:43  SCV  
  31  3:45  Supply Depot  
  32  3:55  Raven  
  32  3:57  Orbital Command  
  32  3:59  Marine x2  
  32  4:00  Marine  
  37  4:13  SCV, Supply Depot  
  38  4:17  Factory Tech Lab, Marine x2  
  38  4:20  Stimpack  
  40  4:28  Marine  
  40  4:29  SCV  
  40  4:30  SCV  
  43  4:37  Barracks  
  43  4:47  Medivac  
  43  4:51  Medivac  
  47  4:54  SCV x2  
  47  4:57  Supply Depot  
  49  5:01  Marine x2  
  49  5:06  SCV  
  52  5:08  SCV  
  52  5:09  Refinery  
  52  5:14  Siege Tank  
  56  5:19  Marine  
  57  5:28  Viking  
  57  5:29  Engineering Bay  
  57  5:31  Engineering Bay  
  54  5:52  Marauder x2  
  54  5:54  Barracks Reactor  
  58  6:00  Bunker  
  58  6:05  Supply Depot  
  58  6:07  Siege Tank  
  61  6:17  SCV  
  62  6:20  SCV  
  61  6:27  Marauder  
  61  6:31  SCV  
  61  6:32  SCV  
  58  6:46  SCV x2  
  60  6:52  Command Center  
  60  6:58  SCV x2  
  62  7:07  Supply Depot  
  62  7:08  Supply Depot x2  
  62  7:16  Terran Infantry Weapons Level 1, Terran Infantry Armor Level 1, Barracks  
  62  7:18  Barracks  
  62  7:29  Marauder x2, Marine x2  
  68  7:39  Siege Tank  
  71  7:47  Marine x2  
  71  7:49  Ghost Academy  
  71  7:50  Marine x2  
  75  7:57  Command Center  
  75  8:19  Combat Shield  
  75  8:20  Concussive Shells  
  75  8:27  Marauder, Marine x5  
  73  8:45  Marine x2  
  73  8:46  SCV x2, Marauder  
  73  8:48  Marine  
  72  8:54  Barracks Tech Lab  
  71  8:55  Barracks Tech Lab  
  71  8:58  SCV  
  72  9:02  Marine  
  72  9:04  Barracks x2  
  72  9:05  Armory  
  72  9:06  SCV, Ghost  
  72  9:09  Ghost  
  76  9:14  Medivac  
  60  9:31  Marine  
  60  9:32  Marauder, Marine x2  
  60  9:34  Marine  
  60  9:36  Siege Tank  
  64  9:39  Marauder  
  65  9:49  Marine x2  
  65  9:50  Marauder  
  69  9:53  Marauder, Marine  
  69  10:00  Marauder  
  69  10:04  SCV x2  
  69  10:06  SCV  
  63  10:07  Marine x2  
  63  10:11  Marauder, Marine  
  67  10:16  SCV x2  
  67  10:18  SCV  
  70  10:24  Marine  
  70  10:28  SCV x2  
  73  10:40  SCV x2  
  74  10:42  Supply Depot  
  74  10:48  Marauder, Marine x4  
  74  10:49  Marauder  
  79  10:54  SCV x2  
  72  11:22  Marauder x2, Marine x2  
  72  11:23  Marauder x2  
  72  11:25  SCV  
  83  11:31  Medivac x2  
  87  11:40  Marine x2  
  87  11:43  Marine x2  
  87  11:46  Marauder  
  93  12:00  Marine x2  
  93  12:01  Marine x2  
  93  12:03  Marauder  
  63  12:28  Marauder, Marine x3  
  63  12:29  Marauder x2  
Tags
 
League
Platinum
Matchup
PvT
Replay Pack
r1
Spawn Locations
Cross Positions
Add a new tag
Caveats
  • Supply blocks, unpowered buildings, or Contaminate may cause inaccurate times.
  • Supply counts are checked every 10 seconds.